 Dungeon Crawl Stone Soup version 0.23-a0-121-g4413648 (webtiles) character file.

1045 Amnesiac the Gusty (level 8, -1/52 HPs)
             Began as a Mummy Air Elementalist on Aug 26, 2018.
             Was an Initiate of Kikubaaqudgha.
             Slain by a yak (5 damage)
             ... on level 10 of the Dungeon.
             The game lasted 00:08:39 (4012 turns).

Amnesiac the Gusty (Mummy Air Elementalist)         Turns: 4012, Time: 00:08:40

Health: -1/52      AC:  3    Str: 11    XL:     8   Next: 4%
Magic:  5/17       EV: 12    Int: 17    God:    Kikubaaqudgha [......]
Gold:   120        SH:  0    Dex: 12    Spells: 7/19 levels left

rFire    x . .     SeeInvis .   e - +0 whip (pain)
rCold    + . .     Gourm    .   (no shield)
rNeg     + + +     Faith    .   a - +0 robe
rPois    ∞         Spirit   .   (no helmet)
rElec    .         Reflect  .   (no cloak)
rCorr    +         Harm     .   d - +0 pair of gloves
MR       +....                  (no boots)
Stlth    ++........             (no amulet)
HPRegen  0.17/turn              c - ring of resist corrosion
MPRegen  0.15/turn              (no ring)

@: no status effects
A: no food or potions, fire vulnerability, cold resistance 1, negative energy
resistance 3, torment resistance, unbreathing
a: Renounce Religion


You were on level 10 of the Dungeon.
You worshipped Kikubaaqudgha.
Kikubaaqudgha was noncommittal.
You were not hungry.

You visited 1 branch of the dungeon, and saw 8 of its levels.

You collected 195 gold pieces.
You spent 75 gold pieces at shops.

Inventory:

Hand Weapons
 e - a +0 whip of pain (weapon)
Armour
 a - a +0 robe (worn)
 d - a +0 pair of gloves (worn)
Jewellery
 c - a ring of resist corrosion (left hand)
Wands
 j - a wand of random effects (28)
 k - a wand of digging (12)
Scrolls
 b - 2 scrolls of remove curse {!r}
 f - a scroll of teleportation {!r}
 g - a scroll of amnesia {!r}
 h - a scroll of magic mapping {!r}
 i - a scroll of identify {!r}


   Skills:
 - Level 1.5 Dodging
 - Level 1.5 Stealth
 - Level 6.3 Spellcasting
 - Level 0.7 Conjurations
 + Level 3.8 Necromancy
 - Level 6.3 Air Magic


You had 7 spell levels left.
You knew the following spells:

 Your Spells              Type           Power        Failure   Level  Hunger
a - Airstrike             Air            ####......   10%         4    N/A
d - Lightning Bolt        Conj/Air       ###.......   63%         5    N/A
e - Shock                 Conj/Air       ###.         3%          1    N/A
z - Swiftness             Chrm/Air       ###.....     5%          2    N/A

Your spell library contained the following spells:

 Spells                   Type           Power        Failure   Level  Hunger
 Static Discharge         Conj/Air       ###.....     9%          3    N/A

Dungeon Overview and Level Annotations

Branches:
Dungeon (10/15)
 Temple: D:4-7         Lair: D:8-11         Orc: D:9-12

Altars:
Kikubaaqudgha
Makhleb
Trog
Uskayaw

Shops:
D:4 *

Annotations:
D:5 2 runed doors


Innate Abilities, Weirdness & Mutations

You do not eat or drink.
Your flesh is vulnerable to fire.
You are immune to poison.
Your flesh is cold resistant. (rC+)
You are immune to negative energy. (rN+++)
You are immune to unholy pain and torment.
You can survive without breathing.


Message History

The zap hits the yak.
The yak is lightly wounded.
The yak gores you!
* * * LOW HITPOINT WARNING * * *
Unknown command.
Casting: Shock (safe; 3% risk of failure)
Confirm with . or Enter, or press ? or * to list all spells.
You don't have enough magic to cast that spell.
Unknown command.
Your magical contamination has completely faded away.
Found a ration.
Put on which piece of jewellery? (? for menu, Esc to quit)
Okay, then.
Casting: Shock (safe; 3% risk of failure)
Confirm with . or Enter, or press ? or * to list all spells.
Aiming: Shock (safe; 3% risk of failure)
Press: ? - help, Shift-Dir - straight line, f/p - yak
Aim: a yak (lightly wounded)
The zap misses the yak.
The zap hits the yak.
The yak is moderately wounded.
The yak gores you!
* * * LOW HITPOINT WARNING * * *
Unknown command.
The yak gores you.
* * * LOW HITPOINT WARNING * * *
The yak gores you!
* * * LOW HITPOINT WARNING * * *
Found a ration.
There is an open door here.
Casting: Shock (safe; 3% risk of failure)
Confirm with . or Enter, or press ? or * to list all spells.
The spell is very dangerous to cast (63% risk of failure)!
Continue anyway? [Y]es or [N]o only, please.
The spell is very dangerous to cast (63% risk of failure)!
Continue anyway?
Okay, then.
Casting: Lightning Bolt (very dangerous; 63% risk of failure)
Confirm with . or Enter, or press ? or * to list all spells.
Aiming: Airstrike (safe; 10% risk of failure)
Press: ? - help, Dir - move target cursor, f/p - yak
Aim: a yak The air twists around and strikes the yak!
The yak is lightly wounded.
The yak gores you!
* * * LOW HITPOINT WARNING * * *
Casting: Airstrike (safe; 10% risk of failure)
Confirm with . or Enter, or press ? or * to list all spells.
Aiming: Airstrike (safe; 10% risk of failure)
Press: ? - help, Dir - move target cursor, f/p - yak
Aim: a yak (lightly wounded)
The air twists around and strikes the yak!
The yak is heavily wounded.
The yak gores you!
* * * LOW HITPOINT WARNING * * *
Unknown command.
Casting: Airstrike (safe; 10% risk of failure)
Confirm with . or Enter, or press ? or * to list all spells.
Aiming: Airstrike (safe; 10% risk of failure)
Press: ? - help, Dir - move target cursor, f/p - yak
Aim: a yak (heavily wounded)
The air twists around and strikes the yak!
The yak is severely wounded.
The yak gores you.
You die...
Kikubaaqudgha rasps: "You have failed me!
Welcome... oblivion!"

#.# #............
#.# #............
.
#.####............
F
#.................
.
#.................
.
#.................
.
#.................
.
#.#######....%....
#
#.#@%####.........
#.#Y.'§##........%
#†##.####.........
#.#.!...#.........
#.##.####.........
#.#.....#....###..
#.###'###....# ..
#.)..........#
#........##..#


You could see a yak.

Vanquished Creatures
  A human (D:10)
  A yak (D:10)
  2 ogres
  2 centaurs
  A crocodile (D:10)
  A scorpion (D:10)
  A jelly (D:5)
  A bullfrog skeleton (D:5)
  2 hounds
  2 worker ants
  3 gnolls (D:9)
  7 adders
  A shadow imp (D:4)
  An ooze (D:1)
  A worm (D:2)
  A leopard gecko (D:2)
  3 orcs
  4 bats
  3 giant cockroaches
  5 goblins
  3 hobgoblins
  4 kobolds
  2 quokkas
  2 ball pythons
  A frilled lizard (D:4)
  A quokka skeleton (D:4)
  A rat (D:3)
57 creatures vanquished.

Notes
Turn   | Place    | Note
-------+----------+-------------------------------------------
     0 | D:1      | Amnesiac the Mummy Air Elementalist began the quest for the Orb.
     0 | D:1      | Reached XP level 1. HP: 13/13 MP: 4/4
   166 | D:1      | Reached XP level 2. HP: 14/19 MP: 0/5
   201 | D:1      | Learned a level 2 spell: Swiftness
   578 | D:3      | Reached XP level 3. HP: 24/24 MP: 3/7
   796 | D:3      | Reached XP level 4. HP: 24/30 MP: 4/9
   802 | D:3      | Learned a level 4 spell: Airstrike
  1099 | D:5      | Entered Level 5 of the Dungeon
  1100 | D:5      | Found a large runed door.
  1101 | D:5      | Found a large runed door.
  1203 | D:4      | Noticed an ogre
  1216 | D:4      | HP: 1/30 [ogre/giant club (15)]
  1218 | D:4      | Killed an ogre
  1218 | D:4      | Reached XP level 5. HP: 2/35 MP: 0/11
  1664 | D:4      | Found Lalic's Assorted Antiques.
  1672 | D:4      | Bought a scroll labeled JETIRIJIWI for 25 gold pieces
  1672 | D:4      | Bought a scroll labeled TOSMEC HI VUPN for 25 gold pieces
  1672 | D:4      | Bought a scroll labeled VULUMI ALEACU for 25 gold pieces
  1677 | D:4      | Found a bloodstained altar of Trog.
  1687 | D:4      | Learned a level 5 spell: Lightning Bolt
  1955 | D:3      | Found a hide-covered altar of Uskayaw.
  2322 | D:5      | Reached XP level 6. HP: 26/41 MP: 6/13
  2406 | D:5      | Reached skill level 5 in Air Magic
  2419 | D:5      | You fall through a shaft for 3 floors!
  2419 | D:8      | Found an ancient bone altar of Kikubaaqudgha.
  2419 | D:8      | Found a burning altar of Makhleb.
  2431 | D:8      | Became a worshipper of Kikubaaqudgha
  2458 | D:9      | Reached skill level 5 in Spellcasting
  2746 | D:9      | Reached XP level 7. HP: 19/46 MP: 2/15
  2763 | D:9      | Noticed a two-headed ogre
  2780 | D:10     | Entered Level 10 of the Dungeon
  3002 | D:9      | Noticed a yak
  3002 | D:9      | Noticed a yak
  3002 | D:9      | Noticed a yak
  3002 | D:9      | Noticed a yak
  3002 | D:9      | Noticed a yak
  3003 | D:9      | Noticed a hippogriff
  3691 | D:10     | Noticed a human
  3705 | D:10     | Killed a human
  3831 | D:10     | Killed a yak
  3831 | D:10     | Reached XP level 8. HP: 42/52 MP: 0/17
  4012 | D:10     | Slain by a yak

Vault maps used:
D:1:      saegor_arrival_simple_a, minmay_misc_feat_enclosed
D:2:      chequers_ecumenical_altar_simple, first_ration
D:3:      dancing_weapons_uskayaw, old_standard_altar
D:4:      kennysheep_mini_moat, serial_shops, shop
D:5:      minmay_opposing_rooms, grunt_qazlal_sundering,
          okawaru_metal_pillars_1_2, minmay_temple_entry_grid,
          ebering_ghost_disaster_area, kennysheep_cross_room,
          serial_bayou_crossing
D:8:      vehumet_altar_wand_db, nicolae_overflow_hidden_temple, special_room,
          columned_hall_lemuel
D:9:      old_standard_altar, serial_shops, kennysheep_mini,
          ploomutoo_gammafunk_ghost_potion_laboratory,
          minmay_misc_feat_diagonals, uniq_grum
D:10:     erik_orc_1, grunt_pizzeria

Skill      XL: |  1  2  3  4  5  6  7 |
---------------+----------------------+-----
Air Magic      | 3 4 5 6 |  6.3
Spellcasting   | 3 4 5 6 |  6.3
Necromancy     | 3 |  3.8
Dodging        | |  1.5
Stealth        | |  1.5
Conjurations   | |  0.7

Action                   |  1- 3 |  4- 6 |  7- 9 || total
-------------------------+-------+-------+-------++-------
Melee: Unarmed           |     7 |       |       ||     7
       Whip              |     7 |       |    13 ||    20
 Cast: Shock             |    56 |    71 |    13 ||   140
       Airstrike         |       |     5 |    23 ||    28
       Swiftness         |       |       |     1 ||     1
Evoke: Wand              |       |       |     6 ||     6
  Use: Scroll            |       |     5 |       ||     5
Armor: Robe              |     8 |     5 |     4 ||    17
Dodge: Dodged            |    36 |    18 |    22 ||    76

Table legend:
 A = Non-vault XP
 B = Vault XP
 C = Vault XP percentage of total XP
 D = Non-vault monster count
 E = Vault monster count
 F = Vault count percentage of total count
                 A         B        C        D         E       F
            +---------+---------+-------+---------+---------+-------
      Total |    1283 |     210 |  14.1 |      56 |       1 |   1.8
            +---------+---------+-------+---------+---------+-------
        D:1 |      18 |       0 |   0.0 |       7 |       0 |   0.0
        D:2 |      19 |       0 |   0.0 |       9 |       0 |   0.0
        D:3 |      75 |       0 |   0.0 |      15 |       0 |   0.0
        D:4 |     187 |       0 |   0.0 |       7 |       0 |   0.0
        D:5 |     140 |       0 |   0.0 |       5 |       0 |   0.0
        D:8 |     121 |       0 |   0.0 |       1 |       0 |   0.0
        D:9 |     209 |       0 |   0.0 |       5 |       0 |   0.0
       D:10 |     514 |     210 |  29.0 |       7 |       1 |  12.5
            +---------+---------+-------+---------+---------+-------
